 Dungeon Crawl Stone Soup version 0.31-a0-931-g7b59d4eb97 (webtiles) character file.

Game seed: 7508796190667585140

1922488 Arzdou the Cryomancer (level 27, 228/228 HPs)
             Began as a Djinni Hedge Wizard on Oct 17, 2023.
             Was the Champion of Ashenzari.
             Escaped with the Orb
             ... and 4 runes on Oct 19, 2023!
             The game lasted 06:12:26 (99300 turns).

Arzdou the Cryomancer (Djinni Hedge Wizard)        Turns: 99300, Time: 06:12:27

Health: 228/228    AC: 16    Str:  9    XL:     27
Gold:   2877       EV: 11    Int: 49    God:    Ashenzari [******] SH: 23 Dex: 10

rFire   + + +        c - +3 Elemental Staff {ele, rElec rF+ rC+ AC+3, Bglg, Elem} (curse)
rCold   + + +        x - +5 kite shield of the Sublime Seer {Comp, Alch} (curse)
rNeg    . . .        b - +3 scale mail "Cosmic Flawed Execution" {rC+++ Int+3, Elem, Cun} (curse)
rPois   ∞            H - +3 hat of Pondering {ponderous, Will+ MP+10 Int+5, Self, Cun} (curse)
rElec   +            L - scarf of Ashenzari's Ordeal {repulsion, Dev, Self} (curse)
rCorr   .            K - +0 pair of gloves of the Fated Secrets {Bglg, Melee} (curse)
SInv    +            (boots unavailable)
Will    +++..        E - amulet of the Tethered Altruism {Reflect SH+5, Self, Dev} (curse)
Stlth   +            j - ring "Gaze Upon Infinity" {Int+6, Melee, Self} (curse)
HPRegen 0.58/turn    v - ring "Shattered With Me" {Wiz, Cun, Comp} (curse)
MPRegen 0.00/turn

%: repel missiles, reflection, clarity, wizardry (x1)
@: flying, studying 5 skills, slow
A: sickness immunity, fire resistance 2, cold vulnerability 1, float, innate
caster, HP casting, extra vitality 1, clever 2, clumsy 1, deformed body,
deterioration 1
0: Orb of Zot
}: 4/15 runes: barnacled, slimy, silver, gossamer
a: Renounce Religion, Shatter the Chains


You escaped.
You worshipped Ashenzari.
Ashenzari was exalted by your worship.
You visited 12 branches of the dungeon, and saw 54 of its levels.
You visited 2 bazaars.
You also visited: Trove and Gauntlet.

You collected 7313 gold pieces.
You spent 4436 gold pieces at shops.

Inventory:

Hand Weapons
 c - the cursed +3 Elemental Staff (weapon) {ele, rElec rF+ rC+ AC+3, Bglg, Elem}
   (You found it on level 4 of the Shoals)

   AC+3:      It affects your AC (+3).
   rF+:       It protects you from fire.
   rC+:       It protects you from cold.
   rElec:     It insulates you from electricity.
   It has a curse which improves the following skills: Beguiling: Conjurations,
   Hexes and Translocations.
   Elements:  Fire Magic, Ice Magic, Air Magic and Earth Magic.
Missiles
 a - 12 curare-tipped darts
 B - 8 throwing nets
Armour
 b - the cursed +3 scale mail "Cosmic Flawed Execution" (worn) {rC+++ Int+3, Elem, Cun}
   (You found it on level 9 of the Dungeon)

   Int+3:     It affects your intelligence (+3).
   rC+++:     It renders you almost immune to cold.
   It has a curse which improves the following skills: Elements: Fire Magic, Ice
   Magic, Air Magic and Earth Magic.
   Cunning:   Dodging and Stealth.
 x - the cursed +5 kite shield of the Sublime Seer (worn) {Comp, Alch}
   (You found it on level 4 of the Dungeon)

   It has a curse which improves the following skills: Companions: Summonings
   and Necromancy.
   Alchemy:   Poison Magic and Transmutations.
 H - the cursed +3 hat of Pondering (worn) {ponderous, Will+ MP+10 Int+5, Self, Cun}
   (You took it off Gastronok on level 1 of the Lair of Beasts)

   Int+5:     It affects your intelligence (+5).
   Will+:     It increases your willpower.
   MP+10:     It affects your magic capacity (+10).
   It has a curse which improves the following skills: Introspection: Fighting
   and Spellcasting.
   Cunning:   Dodging and Stealth.
 K - the cursed +0 pair of gloves of the Fated Secrets (worn) {Bglg, Melee}
   (You found it on level 8 of the Dungeon)

   It has a curse which improves the following skills: Beguiling: Conjurations,
   Hexes and Translocations.
   Melee Combat: Short Blades, Long Blades, Axes, Maces & Flails, Polearms,
   Staves and Unarmed Combat.
 L - the cursed scarf of Ashenzari's Ordeal (worn) {repulsion, Dev, Self}
   (You found it on level 8 of the Dungeon)

   It has a curse which improves the following skills: Devices: Evocations and
   Shapeshifting.
   Introspection: Fighting and Spellcasting.
Jewellery
 j - the cursed ring "Gaze Upon Infinity" (left hand) {Int+6, Melee, Self}
   (You bought it in a shop on level 1 of the Shoals)

   [ring of intelligence]

   Int+6:     It affects your intelligence (+6).
   It has a curse which improves the following skills: Melee Combat: Short
   Blades, Long Blades, Axes, Maces & Flails, Polearms, Staves and Unarmed
   Combat.
   Introspection: Fighting and Spellcasting.
 v - the cursed ring "Shattered With Me" (right hand) {Wiz, Cun, Comp}
   (You found it on level 4 of the Dungeon)

   [ring of wizardry]

   Wiz:       It improves your spell success rate.
   It has a curse which improves the following skills: Cunning: Dodging and
   Stealth.
   Companions: Summonings and Necromancy.
 E - the cursed amulet of the Tethered Altruism (around neck) {Reflect SH+5, Self, Dev}
   (You bought it in a shop on level 3 of the Dungeon)

   [amulet of reflection]

   Reflect:   It reflects blocked missile attacks.
   SH+5:      It affects your SH (+5).
   It has a curse which improves the following skills: Introspection: Fighting
   and Spellcasting.
   Devices:   Evocations and Shapeshifting.
 R - a +4 ring of slaying
Talismans
 U - a granite talisman
Wands
 o - a wand of digging (37)
 t - a wand of flame (107)
 y - a wand of light (38)
 F - a wand of roots (64)
 I - a wand of paralysis (58)
 N - a wand of mindburst (54)
 Z - a wand of polymorph (17)
Scrolls
 e - 5 scrolls of poison
 f - 10 scrolls of vulnerability
 g - 3 scrolls of fog
 k - 4 scrolls of enchant weapon
 l - 16 scrolls of teleportation
 q - 5 scrolls of noise
 r - 2 scrolls of revelation
 z - 6 scrolls of torment
 A - 10 scrolls of immolation
 M - 7 scrolls of fear
 T - 4 scrolls of blinking
 V - 4 scrolls of silence
 X - a scroll of enchant armour
 Y - 2 scrolls of summoning
Potions
 d - 3 potions of berserk rage
 h - 17 potions of haste
 i - 10 potions of attraction
 m - 30 potions of curing
 n - 6 potions of ambrosia
 p - 13 potions of brilliance
 s - a potion of invisibility
 w - 9 potions of might
 C - 11 potions of enlightenment
 G - 9 potions of lignification
 O - 6 potions of resistance
 P - 13 potions of heal wounds
 W - 3 potions of cancellation
Miscellaneous
 u - a lightning rod (4/4)
 D - the horn of Geryon
 J - a phantom mirror
 Q - a condenser vane
 S - a phial of floods


   Skills:
 - Level 23.0(27) Fighting
 + Level 7.3(10.9) Staves
 - Level 10.0 Armour
 - Level 12.8(17.5) Dodging
 - Level 1.5(4.5) Stealth
 - Level 16.2 Shields
 + Level 24.5(27) Spellcasting
 + Level 24.5(27) Conjurations
 + Level 24.5(27) Hexes
   Level 0.0 Charms
 + Level 24.5(27) Summonings
 + Level 24.5(27) Necromancy
 + Level 24.5(27) Translocations
 + Level 24.5(26.5) Transmutations
 + Level 24.5(27) Fire Magic
 + Level 25.9(27) Ice Magic
 + Level 24.5(27) Air Magic
 + Level 25.9(27) Earth Magic
 + Level 24.5(26.5) Poison Magic
 + Level 12.0(15.5) Evocations
 - Level 19.7(23.0) Shapeshifting


You knew the following spells:

 Your Spells              Type           Power      Damage    Failure   Level
a - Magic Dart            Conj           100%       1d8       0%          1
b - Slow                  Hex            100%       N/A       0%          1
c - Blink                 Tloc           100%       N/A       0%          2
d - Call Imp              Summ           100%       N/A       0%          2
e - Mephitic Cloud        Conj/Pois/Air  100%       N/A       0%          3
f - Shock                 Conj/Air       100%       1d9       0%          1
g - Poisonous Vapours     Pois/Air       100%       N/A       0%          2
h - Gell's Gravitas       Tloc           100%       N/A       0%          3
i - Leda's Liquefaction   Hex/Erth       86%        N/A       0%          4
j - Yara's Violent Unrav  Hex/Tmut       73%        3d27      0%          5
k - Summon Forest         Summ/Tloc      73%        N/A       0%          5
l - Simulacrum            Ice/Necr       86%        N/A       0%          6
m - Orb of Destruction    Conj           73%        9d17      0%          7
n - Malign Gateway        Summ/Tloc      73%        N/A       0%          7
o - Maxwell's Capacitive  Air            86%        ∞         1%          8
p - Spellforged Servitor  Conj/Summ      73%        N/A       0%          7
q - Chain Lightning       Conj/Air       86%        3d114     1%          9
r - Shatter               Erth           86%        3d62*     1%          9
Your spell library was empty.

Dungeon Overview and Level Annotations

Branches:
Dungeon (15/15)            Temple (1/1) D:4            Lair (5/5) D:9
 Shoals (4/4) Lair:2       Spider (4/4) Lair:2        Slime (5/5) Lair:4
    Orc (2/2) D:10            Elf (3/3) Orc:2        Vaults (5/5) D:14
  Crypt (0/3) Vaults:3     Depths (4/4) D:15           Hell (visited)
    Dis (0/7) Hell            Geh (0/7) Hell            Coc (0/7) Hell
    Tar (0/7) Hell            Zot (5/5) Depths:4    Gauntlet (visited)

Altars:
Ashenzari
Cheibriados
Dithmenos
Elyvilon
Fedhas
Gozag
Hepliaklqana
Makhleb
Nemelex Xobeh
Okawaru
Qazlal
Ru
Trog
Uskayaw
Wu Jian
Xom
Yredelemnul
Zin
The Shining One
Jiyva
Lugonu

Shops:
D:3 *   D:6 *   D:7 *   D:11 *   D:12 (   D:13 !   Orc:2 [(:**   Elf:3 *
Shoals:1 =   Vaults:1 !   Vaults:3 (

Portals:
Hell: Depths:1 Depths:2 Depths:3 Depths:4
Abyss: Slime:4 Depths:3 Depths:4
Pandemonium: Depths:1 Depths:2
Ziggurat: Depths:3

Annotations:
D:14 exclusions: ice statue, orange crystal statue and statue
Lair:3 2 transporters
Elf:2 3 runed translucent doors, Socil's ghost, veteran DjDe
Zot:5 1 exclusion


Innate Abilities, Weirdness & Mutations

You are immune to sickness and miasma.
You are immune to poison.
Your flesh is very heat resistant. (rF++)
You are vulnerable to cold. (rC-)
You float through the air rather than walking.
You learn spells naturally, not from books.
Your magical power is your life essence.
You have superior vitality. (+4 MHP)
Your mind is very acute. (Int +8, Str/Dex -2)
You are clumsy. (Dex -2)
Armour fits poorly on your strangely shaped body.
Your body sometimes deteriorates upon taking damage.


Message History

The Ice Fiend claws you but does no damage.
The electricity discharges through the Ice Fiend!!!
The Ice Fiend vaporises in an electric haze!
You kill the Ice Fiend!
There is an escape hatch in the ceiling here.
A mysterious force pulls you upwards. The hatch slams shut behind you.
A red devil comes into view. It is wielding a +0 trident.
You can't go up here!
Casting: Maxwell's Capacitive Coupling (mildly dangerous; 1% risk of failure)
Confirm with . or Enter, or press ? or * to list all spells.
You feel a surge of power!
The dungeon rumbles!
The red devil is severely wounded.
A door shatters! x2
Ka-crash!
Casting: Shatter (mildly dangerous; 1% risk of failure)
Confirm with . or Enter, or press ? or * to list all spells.
You feel a surge of power!
The dungeon rumbles!
You kill the red devil!
Ka-crash!
Unknown command.
An Orb Guardian comes into view.
Casting: Shatter (mildly dangerous; 1% risk of failure)
Confirm with . or Enter, or press ? or * to list all spells.
You feel a surge of power!
The dungeon rumbles!
You kill the Orb Guardian!
Ka-crash!
Your base Evocations skill increases to level 12!
There is a stone staircase leading up here.
You fly upwards.
There is a stone staircase leading down here.
There is an escape hatch in the ceiling here.
A mysterious force pulls you upwards. The hatch slams shut behind you.
There is an open door here.
HP restored.
There is an open gate here.
There is a staircase leading out of the dungeon here.
You have escaped!

.......#..[..# #.# #....# ###
.......####### #.# #....#######
.#'######## ###.####...........
..........# #......'.).........
...#.####.#####.######...........
...#.####.##.......###...........
...#....#.##.##'''##....#........
...####'#'##.#.....#....#.#.....)
...#.........#..@..#...##.#......
...#..÷......#.....#.##..........
...'.........#.....#.####........
...######....##+++##.# #...#.....
...# ###..........# #...#.#...
#### #........### #...#.#...
########.# ##...#....# #.#
##...####### #.###..#.# #


There were no monsters in sight!

Vanquished Creatures
  the Royal Jelly (Slime:5)
  A pandemonium lord (D:15)
  2 dread liches (Zot:5)
  3 orbs of fire (Zot:5)
  9 ancient liches
  2 juggernauts
  Vv (Zot:2)
  2 curse toes
  3 Killer Klowns (Zot:5)
  7 golden dragons
  Nikola (Shoals:2)
  Geryon (Hell)
  Jory (Vaults:2)
  A bone dragon (Depths:4)
  2 electric golems (Zot:5)
  An Ice Fiend (D:4)
  A hellephant (Depths:4)
  5 titans
  A Hell Sentinel (D:15)
  30 Orb Guardians
  16 tentacled monstrosities
  7 liches
  4 quicksilver dragons
  10 acid blobs
  An eldritch tentacle (Vaults:2)
  Polyphemus (Shoals:2)
  2 deep elf master archers (Elf:3)
  Frances (D:13)
  4 sphinxes
  The ghost of Torious the Ruinous, an adept DECj of Sif Muna (Spider:4)
  Gastronok (Lair:1)
  5 tengu reavers (Vaults:5)
  10 death cobs
  2 ancient champions
  A storm dragon (shapeshifter) (Vaults:5)
  8 rockslimes
  Roxanne (Shoals:1)
  9 shadow dragons
  Aizul (Vaults:4)
  Donald (Vaults:4)
  8 azure jellies
  20 storm dragons
  A revenant (Hell)
  8 frost giants
  4 fire giants
  5 draconian scorchers
  11 deep elf sorcerers
  3 draconian knights (Zot:2)
  4 balrugs
  An emperor scorpion (Spider:2)
  17 vault wardens
  A deep elf elementalist (Elf:3)
  3 draconian stormcallers
  An angel (Depths:3)
  4 ghost moths
  A cacodemon (Depths:2)
  6 draconian annihilators
  2 formless jellyfish
  A broodmother (Spider:2)
  6 draconian shifters
  A quicksilver ooze (shapeshifter) (Depths:2)
  9 reapers
  15 stone giants
  4 war gargoyles
  26 very ugly things
  2 spriggan defenders (Depths:3)
  6 quicksilver oozes
  8 ironbound thunderhulks
  13 ironbound preservers
  7 green draconians
  2 vampire knights
  6 deep elf demonologists
  6 white draconians
  Azrael (Elf:2)
  6 black draconians
  4 dire elephants
  6 spark wasps
  5 purple draconians
  12 red draconians
  4 yellow draconians
  5 deep elf annihilators
  An eidolon (Depths:4)
  3 blizzard demons
  An iron golem (Hell)
  A green death (Zot:5)
  A kraken zombie (Hell)
  10 ettins
  5 entropy weavers
  8 merfolk javelineers
  12 yaktaur captains
  12 merfolk impalers
  8 fire dragons
  7 deep elf death magi
  Fannar (D:11)
  An entropy weaver (shapeshifter) (Vaults:5)
  3 deep elf high priests (Elf:3)
  A spriggan zombie (Hell)
  A rakshasa (Depths:2)
  A hell beast (Depths:4)
  A peacekeeper (Vaults:4)
  Harold (D:10)
  8 great orbs of eyes
  3 hydras
  34 vault guards
  12 ice dragons
  2 jorogumos (Spider:3)
  A spriggan skeleton (Depths:2)
  An alligator snapping turtle (Shoals:2)
  2 catoblepae
  9 ironbound frosthearts
  Erica (Lair:1)
  13 centaur warriors
  5 ogre magi
  A satyr (Shoals:2)
  3 merfolk avatars
  5 tengu warriors
  16 dancing weapons
  5 spriggan air magi
  9 death yaks
  2 merfolk aquamancers
  6 deep troll shamans
  6 boulder beetles
  4 deep troll earth magi
  9 two-headed ogres
  2 vampire magi (Depths:2)
  9 demonic crawlers
  6 hell hogs
  Sonja (D:11)
  5 spriggan berserkers
  A titan zombie (Hell)
  9 soul eaters
  2 titan skeletons (Vaults:3)
  10 sun demons
  6 skeletal warriors (Vaults:3)
  15 deep elf knights
  A sun moth (Spider:4)
  13 hell knights
  8 pharaoh ants
  2 skysharks
  3 iron trolls
  A shadow wraith (Vaults:5)
  2 fire crabs (Lair:5)
  5 sea snakes
  A sea snake (shapeshifter) (Elf:1)
  A quicksilver dragon simulacrum (Depths:4)
  7 arcanists
  3 flayed ghosts
  5 orb spiders
  9 deep elf archers
  37 deep trolls
  6 glowing orange brains
  A golden dragon zombie (Depths:2)
  18 ironbound convokers
  An occultist (D:14)
  4 orc knights
  A spectral broodmother (Spider:4)
  An anaconda skeleton (Hell)
  A fenstrider witch simulacrum (Hell)
  20 deep elf pyromancers
  A spectral jorogumo (Spider:4)
  11 harpies
  14 wolf spiders
  2 phantasmal warriors
  3 steelbarb worms
  9 lindwurms
  An orc sorcerer (Orc:2)
  A tengu skeleton (Vaults:3)
  11 necromancers
  31 ugly things
  7 shining eyes
  18 deep elf zephyrmancers
  A sphinx simulacrum (Depths:2)
  10 manticores
  A centaur zombie (Hell)
  5 fauns
  5 cyclopes
  A cyclops (shapeshifter) (Depths:1)
  14 moths of wrath
  A salamander (Depths:1)
  An alligator skeleton (Hell)
  A frost giant skeleton (Vaults:3)
  A guardian serpent (shapeshifter) (Vaults:5)
  7 elephants
  A moth of wrath (shapeshifter) (Vaults:5)
  54 slime creatures
  A black mamba (Lair:5)
  2 ice statues (Hell)
  4 merfolk sirens
  A rust devil (Hell)
  Maggie (D:8)
  5 water nymphs (Shoals:4)
  2 emperor scorpion simulacra (Spider:4)
  A large abomination (Zot:5)
  Maurice (D:8)
  5 molten gargoyles (Hell)
  2 torpor snails
  4 eyes of devastation
  21 vault sentinels
  5 smoke demons (Hell)
  3 orange demons
  12 cane toads
  A yaktaur zombie (Vaults:1)
  An unseen horror (D:13)
  3 hellions
  3 rime drakes
  Psyche (D:9)
  A bunyip simulacrum (Hell)
  4 ice devils
  A sea snake zombie (Hell)
  20 yaktaurs
  6 komodo dragons
  A freezing wraith (Hell)
  3 tengu conjurers
  A spark wasp simulacrum (Spider:4)
  A hydra zombie (Hell)
  3 red devils
  23 merfolk
  2 harpy zombies (Hell)
  3 polar bears (Lair:5)
  10 meliai
  2 trolls
  10 tarantellas
  A shadow dragon simulacrum (Depths:2)
  6 hornets
  12 blink frogs
  8 wind drakes
  2 hydra skeletons (Hell)
  A dream sheep (shapeshifter) (D:15)
  6 snapping turtles
  14 dream sheep
  A black mamba zombie (Hell)
  An ettin zombie (Hell)
  A jumping spider (shapeshifter) (Vaults:5)
  5 air elementals
  8 jumping spiders
  19 water elementals
  2 elf skeletons
  15 culicivoras
  35 yaks
  3 wyverns
  A vampire (D:10)
  A hog (shapeshifter) (Elf:3)
  A black mamba skeleton (Hell)
  3 golden eyes
  5 fire elementals
  15 humans
  A vampire mosquito (D:11)
  A dire elephant simulacrum (Hell)
  28 redbacks
  A sea snake simulacrum (Hell)
  2 wargs
  A naga zombie (Hell)
  A harpy simulacrum (Hell)
  An acid dragon (D:13)
  12 water moccasins
  A glowing shapeshifter skeleton (Vaults:3)
  5 floating eyes
  2 sky beasts
  A merfolk simulacrum (Hell)
  2 ice beasts (D:6)
  2 radroach simulacra (Spider:4)
  2 black bears
  16 orc warriors
  A tengu (shapeshifter) (Elf:3)
  9 wolves
  8 centaurs
  19 ogres
  3 boggarts (Vaults:4)
  2 phantoms
  5 human skeletons
  A kobold brigand (D:7)
  11 bullfrogs
  2 gnoll sergeants
  3 earth elementals
  4 scorpions
  A deep troll simulacrum (Hell)
  8 wights
  6 killer bees
  3 electric eels
  3 howler monkeys
  A lava snake (D:10)
  2 orc priests
  5 jellies
  A gnoll bouda (D:8)
  2 hounds
  3 sleepcaps
  4 iguanas
  14 orc wizards
  A boggart simulacrum (D:15)
  14 gnolls
  12 adders
  A shadow imp (D:6)
  A white imp (D:6)
  2 ufetubi (D:6)
  3 worms (D:2)
  4 dart slugs
  62 orcs
  8 bats
  7 endoplasms
  3 giant cockroaches
  7 goblins
  7 hobgoblins
  7 quokkas
  5 ball pythons
  3 frilled lizards
  A kobold (shapeshifter) (Elf:1)
  9 kobolds
  6 rats
  A spectral orc (D:8)
  3 snaplasher vines
  5 tentacles
1789 creatures vanquished.

Vanquished Creatures (collateral kills)
  Dissolution (Slime:5)
  An ancient lich (Vaults:5)
  2 dread liches
  The ghost of Ymilidghe the Brawler, an adept TrGl of Elyvilon (Vaults:4)
  The ghost of Esmu the Warrior, an adept MiFi of Okawaru (Elf:3)
  Mlioglotl (Shoals:1)
  A titan (Vaults:5)
  2 deep elf blademasters (Elf:3)
  3 sphinxes
  2 eldritch tentacles (Vaults:4)
  15 acid blobs
  A storm dragon (Vaults:5)
  A tengu reaver (Depths:1)
  3 rockslimes
  5 azure jellies
  A fire giant (Depths:1)
  3 vault wardens
  4 emperor scorpions
  2 deep elf sorcerers (Elf:3)
  A frost giant (Depths:1)
  4 deep elf elementalists (Elf:3)
  2 ghost moths (Spider:4)
  3 orc warlords (Vaults:4)
  3 quicksilver oozes
  3 broodmothers
  3 stone giants
  2 very ugly things (Vaults:5)
  10 ironbound preservers
  A formless jellyfish (Vaults:1)
  7 deep elf annihilators
  2 deep elf demonologists
  A minotaur (Shoals:2)
  A red draconian (Zot:5)
  11 dire elephants
  4 spark wasps
  The ghost of Dirtsage the Basher, a journeyman GrFi of Okawaru (Lair:4)
  A merfolk javelineer (Vaults:4)
  3 deep elf death magi
  A merfolk impaler (Vaults:4)
  12 deep elf high priests
  3 yaktaur captains
  5 entropy weavers
  3 great orbs of eyes
  10 vault guards
  4 hydras
  A catoblepas (D:15)
  2 ice dragons
  A death knight (D:14)
  3 centaur warriors
  2 jorogumos (Spider:4)
  3 merfolk aquamancers (Shoals:4)
  2 ironbound frosthearts
  4 deep troll shamans
  3 boulder beetles
  3 demonic crawlers (Spider:3)
  3 tengu warriors
  4 two-headed ogres (Orc:2)
  14 dancing weapons
  2 deep troll earth magi (Depths:1)
  10 death yaks
  An iron troll (Depths:3)
  5 deep elf knights
  A skeletal warrior (Vaults:3)
  A spectral ghost moth (Spider:4)
  2 sun moths (Spider:3)
  4 pharaoh ants
  A sea snake (Shoals:1)
  A glowing orange brain (Slime:2)
  2 arcanists
  16 deep trolls
  5 deep elf archers
  3 orb spiders
  17 deep elf zephyrmancers
  11 ironbound convokers
  3 lindwurms
  13 deep elf pyromancers
  2 steelbarb worms
  5 harpies
  8 wolf spiders
  3 orc knights (Vaults:4)
  2 shining eyes
  9 ugly things
  2 moths of wrath
  A merfolk siren (Shoals:4)
  2 cyclopes
  A black mamba (Lair:4)
  80 slime creatures
  An eye of devastation (Slime:4)
  4 water nymphs
  2 gargoyles (D:12)
  2 vault sentinels
  2 efreet
  A cane toad (Lair:4)
  19 yaktaurs
  2 komodo dragons
  A troll (D:12)
  3 merfolk
  7 hornets
  5 wind drakes
  A wind drake (shapeshifter) (Slime:2)
  17 tarantellas
  A snapping turtle (Shoals:1)
  22 jumping spiders
  16 culicivoras
  A shadow (D:12)
  3 water elementals (Shoals:4)
  2 air elementals (Shoals:4)
  20 yaks
  4 fire elementals
  7 golden eyes
  3 humans (D:14)
  2 basilisks
  33 redbacks
  2 vampire mosquitoes (D:11)
  An acid dragon (D:11)
  A water moccasin (Lair:4)
  4 hell hounds (Elf:2)
  5 orc warriors
  4 ogres (Orc:2)
  2 wolves (Lair:5)
  12 centaurs
  A bullfrog (Lair:4)
  An earth elemental (Elf:1)
  2 wights (D:7)
  A jelly (Lair:4)
  A nameless horror (Vaults:3)
  4 orc priests
  2 orc wizards
  4 gnolls (D:11)
  2 white imps (D:7)
  12 orcs
  An endoplasm (Lair:4)
652 creatures vanquished.

Vanquished Creatures (others)
  A curse toe (Zot:5)
  68 eldritch tentacles
  A vault guard (Vaults:5)
  2 deep elf knights (Elf:3)
  A deep troll (Vaults:2)
  A deep elf pyromancer (Elf:1)
  A torpor snail (Spider:1)
  An air elemental (Elf:1)
  A water elemental (Shoals:4)
  A lurking horror (Slime:4)
  32 snaplasher vines
  35 tentacles (Shoals:2)
145 creatures vanquished.

Grand Total: 2586 creatures vanquished

Notes
Turn   | Place    | Note
-------+----------+-------------------------------------------
     0 | D:1      | Arzdou the Djinni Hedge Wizard began the quest for the Orb.
     0 | D:1      | Arzdou set off with the following spells memorised: Magic
                  | Dart, Slow, Blink, Call Imp, Mephitic Cloud.
     0 | D:1      | Reached XP level 1. HP: 15/15 MP: 0/0
    73 | D:1      | Reached XP level 2. HP: 19/22 MP: 0/0
   173 | D:1      | Reached skill level 1 in Fighting
   715 | D:1      | Reached XP level 3. HP: 26/27 MP: 0/0
   715 | D:1      | Learned a level 1 spell: Shock
   721 | D:1      | Found a faded altar of an unknown god.
   728 | D:1      | Prayed at the altar of an unknown god.
   728 | D:1      | Became a worshipper of Elyvilon the Healer
   728 | D:1      | Reached * piety under Elyvilon
  1115 | D:2      | Reached XP level 4. HP: 30/33 MP: 0/0
  1425 | D:2      | Elyvilon protects you from harm!
  1430 | D:2      | Reached XP level 5. HP: 7/40 MP: 0/0
  1430 | D:2      | Learned a level 2 spell: Poisonous Vapours
  1679 | D:2      | Reached ** piety under Elyvilon
  1853 | D:2      | Found a stormy altar of Qazlal.
  3041 | D:3      | Reached XP level 6. HP: 39/46 MP: 0/0
  3154 | D:3      | Found Guop's Assorted Antiques.
  3353 | D:3      | Reached *** piety under Elyvilon
  4456 | D:4      | Found a staircase to the Ecumenical Temple.
  4465 | Temple   | Entered the Ecumenical Temple
  4526 | Temple   | Fell from the grace of Elyvilon
  4526 | Temple   | Became a worshipper of Ashenzari the Shackled
  5065 | D:4      | Reached XP level 7. HP: 53/53 MP: 0/0
  5065 | D:4      | Learned a level 3 spell: Gell's Gravitas
  5096 | D:4      | Found a glowing golden altar of the Shining One.
  5216 | D:5      | Entered Level 5 of the Dungeon
  5663 | D:5      | Reached skill level 5 in Fighting
  6067 | D:5      | Reached skill level 5 in Spellcasting
  6067 | D:5      | Reached skill level 5 in Conjurations
  6067 | D:5      | Reached skill level 5 in Hexes
  6067 | D:5      | Reached skill level 5 in Summonings
  6067 | D:5      | Reached skill level 5 in Necromancy
  6067 | D:5      | Reached skill level 5 in Translocations
  6067 | D:5      | Reached skill level 5 in Transmutations
  6067 | D:5      | Reached skill level 5 in Fire Magic
  6067 | D:5      | Reached skill level 5 in Ice Magic
  6067 | D:5      | Reached skill level 5 in Air Magic
  6067 | D:5      | Reached skill level 5 in Earth Magic
  6067 | D:5      | Reached skill level 5 in Poison Magic
  6241 | D:5      | Identified the +1 leather armour of True Grit {rC+ rN+
                  | Str-5}
  6506 | D:5      | Reached XP level 8. HP: 39/60 MP: 0/0
  6797 | D:6      | Reached * piety under Ashenzari
  7323 | D:3      | Bought a large blue amulet for 155 gold pieces
  7884 | D:6      | Reached ** piety under Ashenzari
  7967 | D:6      | Reached XP level 9. HP: 54/68 MP: 0/0
  7967 | D:6      | Learned a level 4 spell: Leda's Liquefaction
  8039 | D:6      | Found Guicoa's General Store.
  8814 | D:7      | Identified the +0 robe "Hauc Jou" {*Slow rElec Regen+}
  9277 | D:7      | Found Turphix's Fire Supplies.
  9450 | D:7      | Reached *** piety under Ashenzari
  9901 | D:8      | Noticed Maggie
 10018 | D:8      | Noticed Maurice
 10019 | D:8      | Killed Maggie
 10028 | D:8      | Reached XP level 10. HP: 60/78 MP: 0/0
 10028 | D:8      | Paralysed by Maurice for 2 turns
 10043 | D:8      | Killed Maurice
 10047 | D:8      | Noticed a two-headed ogre
 10218 | D:7      | Killed a two-headed ogre
 10219 | D:7      | Reached skill level 10 in Fighting
 10818 | D:8      | Found a shadowy altar of Dithmenos.
 10905 | D:8      | Found a basalt altar of Yredelemnul.
 11125 | D:8      | Reached **** piety under Ashenzari
 11494 | D:8      | Found a snail-covered altar of Cheibriados.
 11643 | D:9      | Noticed a two-headed ogre
 11688 | D:9      | Killed a two-headed ogre
 11845 | D:9      | Reached ***** piety under Ashenzari
 11956 | D:9      | Identified the +3 scale mail of Contentment {rC+++ Int+3}
 12156 | D:9      | Noticed Psyche
 12188 | D:9      | Killed Psyche
 12200 | D:9      | Reached XP level 11. HP: 86/92 MP: 0/0
 12200 | D:9      | Learned a level 5 spell: Yara's Violent Unravelling
 12415 | D:9      | Found a staircase to the Lair.
 12506 | D:9      | Reached skill level 1 in Shields
 12829 | D:10     | Entered Level 10 of the Dungeon
 13431 | D:10     | Found a staircase to the Orcish Mines.
 13727 | D:10     | Found a sparkling altar of Nemelex Xobeh.
 13979 | D:10     | Noticed Harold
 14116 | D:10     | Killed Harold
 14573 | D:10     | Upgraded the game from 0.31-a0-920-g28cbb04a8c to
                  | 0.31-a0-925-g0a390f2509
 14625 | Lair:1   | Entered Level 1 of the Lair of Beasts
 14754 | Lair:1   | Noticed a four-headed hydra
 14777 | Lair:1   | Killed a four-headed hydra
 14778 | Lair:1   | Reached skill level 5 in Shields
 15029 | Lair:1   | Noticed Gastronok
 15038 | Lair:1   | Reached XP level 12. HP: 66/103 MP: 0/0
 15050 | Lair:1   | Killed Gastronok
 15319 | Lair:1   | Reached skill level 10 in Spellcasting
 15319 | Lair:1   | Reached skill level 10 in Conjurations
 15319 | Lair:1   | Reached skill level 10 in Hexes
 15319 | Lair:1   | Reached skill level 10 in Summonings
 15319 | Lair:1   | Reached skill level 10 in Necromancy
 15319 | Lair:1   | Reached skill level 10 in Translocations
 15319 | Lair:1   | Reached skill level 10 in Transmutations
 15319 | Lair:1   | Reached skill level 10 in Fire Magic
 15319 | Lair:1   | Reached skill level 10 in Ice Magic
 15319 | Lair:1   | Reached skill level 10 in Air Magic
 15319 | Lair:1   | Reached skill level 10 in Earth Magic
 15319 | Lair:1   | Reached skill level 10 in Poison Magic
 15621 | Lair:1   | Noticed Erica
 15639 | Lair:1   | Killed Erica
 16332 | Lair:2   | Found a hole to the Spider Nest.
 16644 | Lair:2   | Noticed a four-headed hydra
 16689 | Lair:2   | Killed a four-headed hydra
 16933 | Lair:2   | Found a staircase to the Shoals.
 17651 | Lair:3   | Found a transporter.
 17678 | Lair:3   | Reached XP level 13. HP: 45/111 MP: 0/0
 17678 | Lair:3   | Learned a level 5 spell: Summon Forest
 18102 | Lair:3   | Found a transporter.
 18135 | Lair:3   | Noticed a four-headed hydra
 18142 | Lair:3   | Killed a four-headed hydra
 18830 | Lair:4   | Noticed a seven-headed hydra
 18838 | Lair:4   | Killed a seven-headed hydra
 18902 | Lair:4   | Reached skill level 5 in Dodging
 18920 | Lair:4   | Reached skill level 15 in Fighting
 19228 | Lair:4   | Found a large runed translucent door.
 19228 | Lair:4   | Found a large runed translucent door.
 19428 | Lair:4   | Found a viscous altar of Jiyva.
 19428 | Lair:4   | Found a staircase to the Slime Pits.
 19487 | Lair:4   | Noticed Dirtsage's ghost (journeyman GrFi)
 19929 | Lair:5   | Entered Level 5 of the Lair of Beasts
 20209 | Lair:5   | Found a gate leading to a gauntlet.
 20234 | Lair:4   | Reached XP level 14. HP: 102/123 MP: 0/0
 20374 | Gauntlet | Entered a Gauntlet
 20374 | Gauntlet | Found a transporter.
 20378 | Gauntlet | Found a transporter.
 20382 | Gauntlet | Found a transporter.
 20388 | Gauntlet | Found a transporter.
 20394 | Gauntlet | Found a transporter.
 20398 | Gauntlet | Found a transporter.
 20406 | Gauntlet | Found a transporter.
 20410 | Gauntlet | Found a transporter.
 20418 | Gauntlet | Found a transporter.
 20421 | Gauntlet | Identified the +1 hand axe of Rubbish {venom, Will+}
 20422 | Gauntlet | Found a transporter.
 20430 | Gauntlet | Found a transporter.
 20453 | Gauntlet | Found a transporter.
 20465 | Gauntlet | Found a transporter.
 20477 | Gauntlet | Found a transporter.
 20788 | Lair:4   | Gained mutation: You are weak. (Str -2) [you]
 21708 | Orc:1    | Entered Level 1 of the Orcish Mines
 22414 | Orc:2    | Entered Level 2 of the Orcish Mines
 22445 | Orc:2    | Found Lusoysaps's General Store.
 22702 | Orc:2    | Gained mutation: You occasionally lose the ability to read
                  | scrolls when taking damage. [you]
 22703 | Orc:2    | Lost mutation: You occasionally lose the ability to read
                  | scrolls when taking damage. [potion of mutation]
 22703 | Orc:2    | Lost mutation: You are weak. (Str -2) [potion of mutation]
 22703 | Orc:2    | Gained mutation: You are dopey. (Int -2) [potion of
                  | mutation]
 23590 | Orc:2    | Found a staircase to the Elven Halls.
 23883 | Orc:2    | Found Hamesh's Book Shoppe.
 23883 | Orc:2    | Found Cisumn's Antique Armour Shop.
 23884 | Orc:2    | Found Ehofuf's Assorted Antiques.
 23884 | Orc:2    | Found Cefy's Antique Weapon Shoppe.
 23894 | Orc:2    | Bought a glowing scarf for 224 gold pieces
 23894 | Orc:2    | Bought a jewelled ring mail for 252 gold pieces
 23894 | Orc:2    | Identified the +2 ring mail of Zefachasch {Int+3} (You
                  | bought it in a shop on level 2 of the Orcish Mines)
 24461 | Orc:2    | Found Ehofuf's Assorted Antiques.
 24461 | Orc:2    | Found Cefy's Antique Weapon Shoppe.
 24461 | Orc:2    | Found Hamesh's Book Shoppe.
 24461 | Orc:2    | Found Cisumn's Antique Armour Shop.
 24497 | Orc:2    | Found a staircase to the Elven Halls.
 24601 | Orc:2    | Found Lusoysaps's General Store.
 24836 | D:11     | Noticed Sonja
 24843 | D:11     | Killed Sonja
 25287 | D:11     | Found Fojo's Neck Hole.
 25296 | D:11     | Bought a scarf of repulsion for 156 gold pieces
 25327 | D:11     | Noticed Fannar
 25384 | D:11     | Killed Fannar
 25385 | D:11     | Reached XP level 15. HP: 98/131 MP: 0/0
 25385 | D:11     | Learned a level 6 spell: Simulacrum
 25984 | D:12     | Found Uxuonuzej's Weapon Boutique.
 25989 | D:12     | Bought 6 curare-tipped darts for 108 gold pieces
 26419 | D:12     | Found a white marble altar of Elyvilon.
 27899 | D:13     | Noticed Frances
 27918 | D:13     | Killed Frances
 28423 | D:13     | Found Buumu's Distillery.
 30028 | D:14     | Identified the +1 rapier of the Dowdy God {flame, rF-
                  | Dex+4}
 30311 | D:14     | Reached XP level 16. HP: 125/144 MP: 0/0
 30651 | D:14     | Found a gate to the Vaults.
 30927 | D:15     | Entered Level 15 of the Dungeon
 31542 | D:15     | Identified the +0 cloak of Ahorour {rPois Will+}
 32437 | Lair:4   | Killed Dirtsage's ghost
 34162 | Lair:5   | Gained mutation: You are somewhat resistant to further
                  | mutation. [you]
 34710 | Lair:5   | Identified the +7 leather armour of the Tormentor {rPois}
 34820 | Spider:1 | Entered Level 1 of the Spider Nest
 35064 | Shoals:1 | Entered Level 1 of the Shoals
 35069 | Shoals:1 | Reached skill level 1 in Shapeshifting
 35231 | Shoals:1 | Noticed Mlioglotl
 35265 | Shoals:1 | Found Rocsog's Jewellery Emporium.
 35399 | Shoals:1 | Reached skill level 10 in Shields
 35950 | Shoals:1 | Noticed an Executioner
 35960 | Shoals:1 | Noticed a tentacled starspawn
 35969 | Shoals:1 | Reached ****** piety under Ashenzari
 36238 | Shoals:1 | Noticed Roxanne
 36306 | Shoals:1 | Reached XP level 17. HP: 99/153 MP: 0/0
 36306 | Shoals:1 | Learned a level 7 spell: Orb of Destruction
 36486 | Shoals:1 | Killed Roxanne
 36881 | Shoals:1 | Killed Mlioglotl
 36952 | Shoals:1 | Identified the cursed staff "Ruined With Me" {rElec Air,
                  | Self, Alch} (You found it on level 7 of the Dungeon)
 36952 | Shoals:1 | Identified the cursed scarf of Ashenzari's Ordeal
                  | {repulsion, Dev, Self} (You found it on level 8 of the
                  | Dungeon)
 36952 | Shoals:1 | Identified the cursed +0 pair of gloves of the Fated
                  | Secrets {Bglg, Melee} (You found it on level 8 of the
                  | Dungeon)
 36952 | Shoals:1 | Identified the cursed +5 kite shield of the Sublime Seer
                  | {Comp, Alch} (You found it on level 4 of the Dungeon)
 37817 | Shoals:2 | Upgraded the game from 0.31-a0-925-g0a390f2509 to
                  | 0.31-a0-931-g7b59d4eb97
 38184 | Shoals:2 | Noticed Polyphemus
 38297 | Shoals:2 | Killed Polyphemus
 38568 | Shoals:2 | Noticed Nikola
 38577 | Shoals:2 | Killed Nikola
 38578 | Shoals:2 | Reached skill level 5 in Shapeshifting
 38598 | Shoals:2 | Noticed a kraken
 39406 | Shoals:2 | Reached skill level 15 in Spellcasting
 39406 | Shoals:2 | Reached skill level 15 in Conjurations
 39406 | Shoals:2 | Reached skill level 15 in Hexes
 39406 | Shoals:2 | Reached skill level 15 in Summonings
 39406 | Shoals:2 | Reached skill level 15 in Necromancy
 39406 | Shoals:2 | Reached skill level 15 in Translocations
 39406 | Shoals:2 | Reached skill level 15 in Transmutations
 39406 | Shoals:2 | Reached skill level 15 in Fire Magic
 39406 | Shoals:2 | Reached skill level 15 in Ice Magic
 39406 | Shoals:2 | Reached skill level 15 in Air Magic
 39406 | Shoals:2 | Reached skill level 15 in Earth Magic
 39406 | Shoals:2 | Reached skill level 15 in Poison Magic
 39660 | Shoals:2 | Found a hide-covered altar of Uskayaw.
 40904 | Shoals:2 | Found a hide-covered altar of Uskayaw.
 41088 | Shoals:2 | HP: 5/153 [tentacle[a kraken] (7)]
 41093 | Shoals:2 | HP: 7/153 [tentacle[a kraken] (18)]
 41372 | Shoals:3 | Found a flickering gateway to a bazaar.
 41379 | Bazaar   | Entered a bazaar
 41395 | Bazaar   | Found Xegar's Distillery.
 41396 | Bazaar   | Found Riquxzew's Antique Armour Shoppe.
 41441 | Bazaar   | Found Vialuod's Weapon Emporium.
 41441 | Bazaar   | Found Iratol Gabru's Weapon Emporium.
 41482 | Bazaar   | Bought a scorched orb for 504 gold pieces
 41482 | Bazaar   | Identified the orb of Absence {light, rC- Will++ Dex+8}
                  | (You bought it in a shop in a bazaar)
 41482 | Bazaar   | Bought a pitted helmet for 342 gold pieces
 41482 | Bazaar   | Identified the +0 helmet of Meliad {Str+5} (You bought it
                  | in a shop in a bazaar)
 41494 | Bazaar   | Bought a potion of heal wounds for 60 gold pieces
 41494 | Bazaar   | Bought a potion of curing for 36 gold pieces
 41494 | Bazaar   | Bought a potion of curing for 36 gold pieces
 41494 | Bazaar   | Bought 2 potions of might for 96 gold pieces
 42392 | Shoals:4 | Identified the "Vengiul"
 42392 | Shoals:4 | Entered Level 4 of the Shoals
 42752 | Shoals:4 | Paralysed by an air elemental for 1 turns
 43712 | Shoals:4 | Reached XP level 18. HP: 132/160 MP: 0/0
 44060 | Shoals:1 | Found Rocsog's Jewellery Emporium.
 44068 | Shoals:1 | Bought a +6 ring of intelligence for 684 gold pieces
 44503 | Shoals:4 | Paralysed by an air elemental for 1 turns
 44989 | Shoals:4 | Noticed a titan
 44996 | Shoals:4 | Killed a titan
 45622 | Shoals:4 | Paralysed by an air elemental for 1 turns
 45663 | Shoals:4 | Paralysed by an air elemental for 1 turns
 47041 | Shoals:4 | Found the +3 Elemental Staff {ele, rElec rF+ rC+ AC+3}
 47083 | Shoals:4 | Got a barnacled rune of Zot
 47084 | Shoals:4 | Lost mutation: You are dopey. (Int -2) [potion of mutation]
 47084 | Shoals:4 | Lost mutation: You are somewhat resistant to further
                  | mutation. [potion of mutation]
 47084 | Shoals:4 | Gained mutation: You are agile. (Dex +4, Str/Int -1)
                  | [potion of mutation]
 47084 | Shoals:4 | Gained mutation: You have sharp fingernails. [potion of
                  | mutation]
 47084 | Shoals:4 | Gained mutation: You have a pair of small horns on your
                  | head. [potion of mutation]
 47559 | Vaults:1 | Entered Level 1 of the Vaults
 49513 | Vaults:1 | Identified the +4 battleaxe "Dragonbane" {freeze, Str+4
                  | Stlth+}
 50621 | Vaults:1 | Reached skill level 10 in Shapeshifting
 50634 | Vaults:1 | Reached XP level 19. HP: 111/162 MP: 0/0
 50634 | Vaults:1 | Learned a level 7 spell: Malign Gateway
 52104 | Vaults:1 | Found Fiwed's Distillery.
 52114 | Vaults:1 | Bought a potion of heal wounds for 90 gold pieces
 52626 | Vaults:2 | Noticed Jory
 52635 | Vaults:2 | Killed Jory
 54567 | Vaults:2 | Reached XP level 20. HP: 152/169 MP: 0/0
 55359 | Vaults:3 | Reached skill level 1 in Evocations
 57543 | Vaults:3 | Paralysed by a great orb of eyes for 4 turns
 58781 | Vaults:3 | Found Rammaefa's Antique Weapon Boutique.
 58961 | Vaults:3 | Found a staircase to the Crypt.
 59589 | Vaults:4 | Reached XP level 21. HP: 148/177 MP: 0/0
 59589 | Vaults:4 | Learned a level 8 spell: Maxwell's Capacitive Coupling
 59725 | Vaults:4 | Found a flickering gateway to a bazaar.
 59734 | Bazaar   | Entered a bazaar
 59915 | Bazaar   | Found Capsadd's Antique Weapon Shoppe.
 59939 | Bazaar   | Found Behujyad's Assorted Antiques.
 59982 | Bazaar   | Found Wexa's Antique Weapon Shoppe.
 59994 | Bazaar   | Found Upad's Antique Weapon Emporium.
 60023 | Bazaar   | Bought a scroll of fear for 108 gold pieces
 60023 | Bazaar   | Bought a potion of haste for 270 gold pieces
 61101 | Vaults:4 | Noticed Aizul
 61104 | Vaults:4 | Killed Aizul
 61136 | Vaults:4 | Noticed Donald
 61143 | Vaults:4 | Killed Donald
 61145 | Vaults:4 | Identified the +1 robe of the Albatross {rPois Dex+5
                  | Slay-6}
 61306 | Vaults:4 | Found a runed translucent gate.
 61306 | Vaults:4 | Found a runed translucent gate.
 61306 | Vaults:4 | Noticed Ymilidghe's ghost (adept TrGl)
 61307 | Vaults:4 | Found a runed translucent gate.
 61309 | Vaults:4 | Found an iron altar of Okawaru.
 61309 | Vaults:4 | Identified the staff of Ascent {rF+ rCorr MP+9 Fire}
 61346 | Vaults:4 | Killed Ymilidghe's ghost
 62199 | Vaults:5 | Identified the "Xynixt"
 62199 | Vaults:5 | Identified the "Picsos"
 62199 | Vaults:5 | Identified the "Wajeyt"
 62199 | Vaults:5 | Identified the of Agoisy
 62199 | Crypt:3  | Identified the "Yneygh"
 62199 | Depths:2 | Identified the "Coet"
 62199 | Depths:4 | Identified the "Meusy"
 62199 | Depths:4 | Identified the "Fuef"
 62199 | Elf:1    | Identified the "Xely"
 62199 | Elf:3    | Identified the "Qoji"
 62199 | Zot:3    | Identified the of Uhuppuuwn
 62199 | Zot:3    | Identified the "Unoji"
 62199 | Zot:4    | Identified the of Vaoraint
 62199 | Slime:1  | Entered Level 1 of the Pits of Slime
 62317 | Slime:2  | Reached skill level 1 in Staves
 62745 | Shoals:1 | Bought a ring of resist corrosion for 380 gold pieces
 63097 | Slime:3  | Reached XP level 22. HP: 92/191 MP: 0/0
 64227 | Slime:4  | Gained mutation: You are dopey. (Int -2) [a shining eye]
 64231 | Slime:4  | Gained mutation: You occasionally shout uncontrollably at
                  | your foes. [a shining eye]
 64760 | Slime:4  | Found a one-way gate to the infinite horrors of the Abyss.
 64761 | Slime:4  | Found a corrupted altar of Lugonu.
 64798 | Slime:5  | Identified the of Hiolloch
 64798 | Slime:5  | Entered Level 5 of the Pits of Slime
 64798 | Slime:5  | Identified the +6 longbow of Dakompio {flame, Dex+3}
 64798 | Slime:5  | Identified the +3 flail "Cuowyuz" {freeze, rF- Will+ Dex+3}
 65117 | Slime:5  | Noticed Dissolution
 65132 | Slime:5  | Paralysed by a floating eye for 4 turns
 65139 | Slime:5  | Lost mutation: You are agile. (Dex +4, Str/Int -1) [a
                  | shining eye]
 65140 | Slime:5  | Killed Dissolution
 65200 | Slime:5  | Noticed the Royal Jelly
 65205 | Slime:5  | Killed the Royal Jelly
 65211 | Slime:5  | Identified the ring "Utetzer" {Fly rPois rF+ Int+3 Dex+3}
 65679 | Slime:5  | Gained mutation: You are very vulnerable to cold. (rC--) [a
                  | shining eye]
 66140 | Slime:5  | Got a slimy rune of Zot
 66150 | Slime:5  | Found the Hermit's Pendant {Faith Invo=14 Evo=0 MP+5}
 66150 | Slime:5  | Identified the +3 leather armour of Hangman {Dex+6}
 66708 | Slime:5  | Lost mutation: You occasionally shout uncontrollably at
                  | your foes. [potion of mutation]
 66708 | Slime:5  | Lost mutation: You have a pair of small horns on your head.
                  | [potion of mutation]
 66708 | Slime:5  | Gained mutation: You occasionally lose the ability to read
                  | scrolls when taking damage. [potion of mutation]
 66708 | Slime:5  | Gained mutation: You are partially covered in large bone
                  | plates. (SH +4) [potion of mutation]
 66714 | Slime:5  | Lost mutation: You are very vulnerable to cold. (rC--)
                  | [potion of mutation]
 66714 | Slime:5  | Lost mutation: You are partially covered in large bone
                  | plates. (SH +4) [potion of mutation]
 66714 | Slime:5  | Lost mutation: You are dopey. (Int -2) [potion of mutation]
 66714 | Slime:5  | Gained mutation: You expend health (3 HP) to strengthen
                  | your wands. [potion of mutation]
 66714 | Slime:5  | Gained mutation: You are partially covered in iridescent
                  | scales. (AC +2) [potion of mutation]
 67069 | Spider:1 | Reached skill level 15 in Shapeshifting
 68186 | Spider:2 | Reached XP level 23. HP: 198/199 MP: 0/0
 68186 | Spider:2 | Learned a level 7 spell: Spellforged Servitor
 69738 | Spider:3 | Lost mutation: You occasionally lose the ability to read
                  | scrolls when taking damage. [potion of mutation]
 69738 | Spider:3 | Lost mutation: You are partially covered in iridescent
                  | scales. (AC +2) [potion of mutation]
 69738 | Spider:3 | Lost mutation: You have sharp fingernails. [potion of
                  | mutation]
 69738 | Spider:3 | Gained mutation: You occasionally lose the ability to drink
                  | potions when taking damage. [potion of mutation]
 70796 | Spider:4 | Entered Level 4 of the Spider Nest
 70908 | Spider:4 | Found a runed translucent gate.
 70908 | Spider:4 | Found a runed translucent gate.
 70909 | Spider:4 | Found a runed translucent gate.
 70909 | Spider:4 | Identified the +1 orcbow of Matyohen {flame, rElec rCorr
                  | Str+3 Stlth-}
 71218 | Spider:4 | Noticed Torious's ghost (adept DECj)
 71957 | Spider:4 | Identified the +4 hat "Tohuez" {rC- Int-4 Slay+6 SInv}
 71987 | Spider:4 | Got a gossamer rune of Zot
 72190 | Elf:1    | Entered Level 1 of the Elven Halls
 72625 | Elf:1    | Reached XP level 24. HP: 208/208 MP: 0/0
 73513 | Elf:2    | Noticed Azrael
 73514 | Elf:2    | Found a runed translucent gate.
 73518 | Elf:2    | Killed Azrael
 73577 | Elf:2    | Found a runed translucent gate.
 73579 | Elf:2    | Found a runed translucent gate.
 73581 | Elf:2    | Noticed Socil's ghost (veteran DjDe)
 73582 | Elf:2    | Identified the +10 sling of the Curious Demons {heavy,
                  | Dex+3}
 73586 | Elf:2    | Identified the +2 pair of boots "Buf Paaxopn" {Int+5
                  | Stlth-}
 73717 | Elf:2    | Identified the +2 scale mail of Servitude {rPois Int+3
                  | Dex-2}
 73801 | Elf:2    | Found a runed translucent gate.
 73801 | Elf:2    | Found a runed translucent gate.
 73802 | Elf:2    | Found a runed translucent gate.
 74583 | Elf:3    | Entered Level 3 of the Elven Halls
 74597 | Elf:3    | Noticed Esmu's ghost (adept MiFi)
 74605 | Elf:3    | Found a runed translucent gate.
 74605 | Elf:3    | Found a runed translucent gate.
 74605 | Elf:3    | Found a runed translucent gate.
 75011 | Elf:3    | Found Giobb's General Store.
 75453 | Elf:3    | Identified the ring "Kishrosus" {rC+ Str+3}
 76230 | Elf:3    | Identified the +9 spear "Uvyiblao" {distort, rCorr Int-4
                  | Dex+4}
 76235 | Elf:3    | Reached XP level 25. HP: 214/214 MP: 0/0
 76235 | Elf:3    | Learned a level 9 spell: Chain Lightning
 76235 | Elf:3    | Identified the +3 dire flail of Dullness {venom, rF+}
 76238 | Elf:3    | Identified the +7 war axe of Dissent {heavy, Dex+2}
 76238 | Elf:3    | Identified the ring of Symmetry {rElec rC+ Int+3}
 76238 | Elf:3    | Identified the +1 bardiche of Checks and Balances {pain,
                  | Str+2}
 76282 | Elf:3    | Identified the +6 flail of Dissent {flame, Contam rF++ rC+
                  | rCorr}
 76464 | Elf:3    | Identified the +0 dagger "Bingo" {flame, *Rage rPois
                  | Will+++ Dex+2}
 76775 | Elf:3    | Killed Esmu's ghost
 77174 | Vaults:5 | Entered Level 5 of the Vaults
 77195 | Vaults:5 | Noticed an ancient lich
 77490 | Vaults:5 | Killed an ancient lich
 78119 | Vaults:4 | HP: 2/214 [titan/the air (27)]
 78709 | Vaults:5 | Noticed an ancient lich
 78709 | Vaults:5 | Noticed an ancient lich
 78712 | Vaults:5 | Killed an ancient lich
 78718 | Vaults:5 | Killed an ancient lich
 78765 | Vaults:5 | Noticed an ancient lich
 79019 | Vaults:5 | Killed an ancient lich
 79356 | Vaults:5 | Identified the +4 leather armour of the Snake Pit {Will+
                  | Int+5 SInv}
 79375 | Vaults:5 | Reached XP level 26. HP: 71/221 MP: 0/0
 80119 | Vaults:5 | Noticed an ancient lich
 80447 | Vaults:5 | Killed an ancient lich
 81404 | Vaults:5 | Identified the +1 robe of the Kitsune {Dex+4}
 81868 | Vaults:5 | Got a silver rune of Zot
 82137 | Vaults:5 | Noticed a dread lich
 82139 | Vaults:5 | Killed a dread lich
 82898 | Vaults:5 | Identified the +9 short sword of Yredelemnul's Hope {drain,
                  | Drain Str+4}
 82908 | Vaults:5 | Reached skill level 1 in Armour
 83145 | Vaults:5 | Identified the staff "Sohoat" {Fragile rC+ rN+ Int+2 Dex+5
                  | Ice}
 83147 | Vaults:5 | Identified the staff of Karma {rN+ Will+ SInv Necro}
 83806 | D:15     | Found a staircase to the Depths.
 83814 | Depths:1 | Entered Level 1 of the Depths
 85410 | Depths:1 | Lost mutation: You occasionally lose the ability to drink
                  | potions when taking damage. [potion of mutation]
 85410 | Depths:1 | Lost mutation: You expend health (3 HP) to strengthen your
                  | wands. [potion of mutation]
 85410 | Depths:1 | Gained mutation: You are clumsy. (Dex -2) [potion of
                  | mutation]
 85410 | Depths:1 | Gained mutation: Your mind is acute. (Int +4, Str/Dex -1)
                  | [potion of mutation]
 85570 | Depths:1 | Found a one-way gate leading to the halls of Pandemonium.
 85660 | Depths:1 | Identified the +2 ring mail of Gozag, Hurtling {Stlth+}
 85889 | Depths:1 | Found a gateway to Hell.
 86016 | Hell     | Entered the Vestibule of Hell
 86016 | Hell     | Noticed Geryon
 86022 | Hell     | Reached skill level 5 in Armour
 86023 | Hell     | Killed Geryon
 86283 | Hell     | Reached XP level 27. HP: 156/228 MP: 0/0
 86283 | Hell     | Learned a level 9 spell: Shatter
 87423 | Depths:2 | Identified the +1 cloak of Beogh's Pride {rCorr Str-2
                  | Int+3}
 87460 | Depths:2 | Gained mutation: Your body sometimes deteriorates upon
                  | taking damage. [a cacodemon]
 87912 | Orc:2    | Bought a scroll of revelation for 135 gold pieces
 87948 | Orc:2    | Bought a phantom mirror for 800 gold pieces
 88130 | Spider:4 | Killed Torious's ghost
 88752 | Depths:2 | Found a portal to a secret trove of treasure.
 88760 | Depths:2 | You paid a toll of 6 scrolls of fog to enter a treasure
                  | trove
 88761 | Trove    | Identified the "Nuadaelakh" (Sif Muna gifted it to you in
                  | a treasure trove)
 88761 | Trove    | Identified the "Ylytui Ottio" (Sif Muna gifted it to you
                  | in a treasure trove)
 88761 | Trove    | Identified the "Jelazoc" (Sif Muna gifted it to you in a
                  | treasure trove)
 88761 | Trove    | Identified the "Ydiotum" (Sif Muna gifted it to you in a
                  | treasure trove)
 88761 | Trove    | Identified the "Erghipsubia" (Sif Muna gifted it to you in
                  | a treasure trove)
 88761 | Trove    | Identified the of Areata (Sif Muna gifted it to you in a
                  | treasure trove)
 88761 | Trove    | Identified the "Weoph" (Sif Muna gifted it to you in a
                  | treasure trove)
 88761 | Trove    | Identified the of Nefol (Sif Muna gifted it to you in a
                  | treasure trove)
 88761 | Trove    | Identified the of Peis Vigy (Sif Muna gifted it to you in
                  | a treasure trove)
 88761 | Trove    | Identified the "Jegiah" (Sif Muna gifted it to you in a
                  | treasure trove)
 88761 | Trove    | Identified the "Xuqeb" (Sif Muna gifted it to you in a
                  | treasure trove)
 88761 | Trove    | Identified the "Teeroot" (Sif Muna gifted it to you in a
                  | treasure trove)
 88761 | Trove    | Identified the of Sugoxat (Sif Muna gifted it to you in a
                  | treasure trove)
 88761 | Trove    | Identified the of Peisuj (Sif Muna gifted it to you in a
                  | treasure trove)
 88761 | Trove    | Identified the "Nupulevi" (Sif Muna gifted it to you in a
                  | treasure trove)
 88761 | Trove    | Identified the of Ohog (Sif Muna gifted it to you in a
                  | treasure trove)
 88761 | Trove    | Identified the "Gorutu Pynia" (Sif Muna gifted it to you
                  | in a treasure trove)
 88761 | Trove    | Identified the "Poacygagg" (Sif Muna gifted it to you in a
                  | treasure trove)
 88761 | Trove    | Identified the "Utiuck" (Sif Muna gifted it to you in a
                  | treasure trove)
 88761 | Trove    | Identified the "Moscheopa" (Sif Muna gifted it to you in a
                  | treasure trove)
 88761 | Trove    | Identified the "Nuarirafo" (Sif Muna gifted it to you in a
                  | treasure trove)
 88761 | Trove    | Identified the of Wati (Sif Muna gifted it to you in a
                  | treasure trove)
 88761 | Trove    | Identified the of Qeuloang (Sif Muna gifted it to you in a
                  | treasure trove)
 88761 | Trove    | Identified the "Maipa" (Sif Muna gifted it to you in a
                  | treasure trove)
 88761 | Trove    | Identified the of Bempui (Sif Muna gifted it to you in a
                  | treasure trove)
 88761 | Trove    | Identified the "Qocihaw" (Sif Muna gifted it to you in a
                  | treasure trove)
 88761 | Trove    | Identified the "Kiobothral" (Sif Muna gifted it to you in
                  | a treasure trove)
 88761 | Trove    | Identified the "Zelull" (Sif Muna gifted it to you in a
                  | treasure trove)
 88761 | Trove    | Identified the "Jogoke" (Sif Muna gifted it to you in a
                  | treasure trove)
 88761 | Trove    | Identified the "Diqailer" (Sif Muna gifted it to you in a
                  | treasure trove)
 88761 | Trove    | Identified the "Ragh" (Sif Muna gifted it to you in a
                  | treasure trove)
 88761 | Trove    | Identified the "Zoinoat" (Sif Muna gifted it to you in a
                  | treasure trove)
 88761 | Trove    | Identified the "Ukkufaj" (Sif Muna gifted it to you in a
                  | treasure trove)
 88761 | Trove    | Identified the of Ulysiewn (Sif Muna gifted it to you in a
                  | treasure trove)
 88761 | Trove    | Identified the of Giazoes (Sif Muna gifted it to you in a
                  | treasure trove)
 88761 | Trove    | Identified the "Ynehiclu" (Sif Muna gifted it to you in a
                  | treasure trove)
 88761 | Trove    | Identified the "Gikk" (Sif Muna gifted it to you in a
                  | treasure trove)
 88761 | Trove    | Identified the "Cokiotut" (Sif Muna gifted it to you in a
                  | treasure trove)
 88761 | Trove    | Identified the of Vunu Sel (Sif Muna gifted it to you in a
                  | treasure trove)
 88761 | Trove    | Identified the "Ega Becwed" (Sif Muna gifted it to you in
                  | a treasure trove)
 88761 | Trove    | Identified the "Dosiafoth" (Sif Muna gifted it to you in a
                  | treasure trove)
 88761 | Trove    | Identified the of Ynitz (Sif Muna gifted it to you in a
                  | treasure trove)
 88761 | Trove    | Identified the of Xiqierre (Sif Muna gifted it to you in a
                  | treasure trove)
 88761 | Trove    | Identified the "Ridow" (Sif Muna gifted it to you in a
                  | treasure trove)
 88761 | Trove    | Identified the "Jinomel" (Sif Muna gifted it to you in a
                  | treasure trove)
 88761 | Trove    | Identified the "Iduof" (Sif Muna gifted it to you in a
                  | treasure trove)
 88761 | Trove    | Identified the "Mokiban" (Sif Muna gifted it to you in a
                  | treasure trove)
 88761 | Trove    | Identified the "Keefucs" (Sif Muna gifted it to you in a
                  | treasure trove)
 88761 | Trove    | Identified the of Megekob (Sif Muna gifted it to you in a
                  | treasure trove)
 88761 | Trove    | Identified the "Irucugev" (Sif Muna gifted it to you in a
                  | treasure trove)
 88761 | Trove    | Identified the "Oratad" (Sif Muna gifted it to you in a
                  | treasure trove)
 88761 | Trove    | Identified the of Sustoresh (Sif Muna gifted it to you in
                  | a treasure trove)
 88761 | Trove    | Identified the "Eqih" (Sif Muna gifted it to you in a
                  | treasure trove)
 88761 | Trove    | Identified the of Woevad (Sif Muna gifted it to you in a
                  | treasure trove)
 88761 | Trove    | Identified the "Xumehus" (Sif Muna gifted it to you in a
                  | treasure trove)
 88761 | Trove    | Identified the "Jaroh" (Sif Muna gifted it to you in a
                  | treasure trove)
 88761 | Trove    | Identified the "Cyesec" (Sif Muna gifted it to you in a
                  | treasure trove)
 88761 | Trove    | Identified the "Causim" (Sif Muna gifted it to you in a
                  | treasure trove)
 88761 | Trove    | Identified the "Wuriph" (Sif Muna gifted it to you in a
                  | treasure trove)
 88761 | Trove    | Identified the "Yzast" (You found it in a treasure trove)
 88761 | Trove    | Identified the "Jomargha" (Sif Muna gifted it to you in a
                  | treasure trove)
 88761 | Trove    | Identified the "Zapro" (Sif Muna gifted it to you in a
                  | treasure trove)
 88761 | Trove    | Identified the of Xell (Sif Muna gifted it to you in a
                  | treasure trove)
 88761 | Trove    | Identified the "Gin Osek" (Sif Muna gifted it to you in a
                  | treasure trove)
 88761 | Trove    | Identified the "Jeseczan" (Sif Muna gifted it to you in a
                  | treasure trove)
 88761 | Trove    | Identified the of Rurol (Sif Muna gifted it to you in a
                  | treasure trove)
 88761 | Trove    | Identified the "Qaiziduxt" (Sif Muna gifted it to you in a
                  | treasure trove)
 88761 | Trove    | Identified the "Buafum" (Sif Muna gifted it to you in a
                  | treasure trove)
 88761 | Trove    | Identified the "Jih Soth" (Sif Muna gifted it to you in a
                  | treasure trove)
 88761 | Trove    | Identified the "Noil" (Sif Muna gifted it to you in a
                  | treasure trove)
 88761 | Trove    | Identified the of Wamobri (Sif Muna gifted it to you in a
                  | treasure trove)
 88761 | Trove    | Identified the "Nostuwn" (Sif Muna gifted it to you in a
                  | treasure trove)
 88761 | Trove    | Identified the "Fateb" (Sif Muna gifted it to you in a
                  | treasure trove)
 88761 | Trove    | Identified the "Gepnon" (Sif Muna gifted it to you in a
                  | treasure trove)
 88761 | Trove    | Identified the "Pauxiexe" (Sif Muna gifted it to you in a
                  | treasure trove)
 88761 | Trove    | Identified the of Vaotemm (Sif Muna gifted it to you in a
                  | treasure trove)
 88761 | Trove    | Identified the of Qawos (Sif Muna gifted it to you in a
                  | treasure trove)
 88761 | Trove    | Identified the "Xefiqynt" (Sif Muna gifted it to you in a
                  | treasure trove)
 88761 | Trove    | Identified the "Woikuluk" (Sif Muna gifted it to you in a
                  | treasure trove)
 88761 | Trove    | Identified the "Vaekisar" (Sif Muna gifted it to you in a
                  | treasure trove)
 88761 | Trove    | Identified the "Qodeuj" (Sif Muna gifted it to you in a
                  | treasure trove)
 88761 | Trove    | Identified the "Vokky" (Sif Muna gifted it to you in a
                  | treasure trove)
 88761 | Trove    | Identified the "Fibomai" (Sif Muna gifted it to you in a
                  | treasure trove)
 88761 | Trove    | Identified the of Pururuit (Sif Muna gifted it to you in a
                  | treasure trove)
 88761 | Trove    | Identified the "Aroiha" (Sif Muna gifted it to you in a
                  | treasure trove)
 88761 | Trove    | Identified the of Xic Lano (Sif Muna gifted it to you in a
                  | treasure trove)
 88761 | Trove    | Identified the "Nookocuy" (Sif Muna gifted it to you in a
                  | treasure trove)
 88761 | Trove    | Identified the of Catixke (Sif Muna gifted it to you in a
                  | treasure trove)
 88761 | Trove    | Identified the of Lingyfa (Sif Muna gifted it to you in a
                  | treasure trove)
 88761 | Trove    | Identified the "Ycoacs" (Sif Muna gifted it to you in a
                  | treasure trove)
 88761 | Trove    | Identified the "Plog" (Sif Muna gifted it to you in a
                  | treasure trove)
 88761 | Trove    | Identified the "Ymithaku" (Sif Muna gifted it to you in a
                  | treasure trove)
 88761 | Trove    | Identified the of Waneathu (Sif Muna gifted it to you in a
                  | treasure trove)
 88761 | Trove    | Identified the "Toih" (Sif Muna gifted it to you in a
                  | treasure trove)
 88761 | Trove    | Identified the of Eross (Sif Muna gifted it to you in a
                  | treasure trove)
 88761 | Trove    | Identified the "Buzimet" (Sif Muna gifted it to you in a
                  | treasure trove)
 88761 | Trove    | Identified the of Pisa Kos (Sif Muna gifted it to you in a
                  | treasure trove)
 88761 | Trove    | Identified the "Yttimykk" (You found it in a treasure
                  | trove)
 88761 | Trove    | Entered a treasure trove
 89708 | Depths:2 | Reached skill level 5 in Evocations
 89857 | Depths:2 | Found a shimmering altar of Xom.
 89863 | Depths:2 | Found a shimmering altar of Xom.
 89863 | Depths:2 | Found a shimmering altar of Xom.
 89865 | Depths:2 | Found a shimmering altar of Xom.
 89867 | Depths:2 | Found a shimmering altar of Xom.
 89869 | Depths:2 | Found a shimmering altar of Xom.
 89869 | Depths:2 | Found a shimmering altar of Xom.
 90373 | Hell     | Found a gateway to the Iron City of Dis.
 90448 | Hell     | Found a gateway to the freezing wastes of Cocytus.
 90499 | Hell     | Found a gateway to the decaying netherworld of Tartarus.
 90568 | Hell     | Found a gateway to the ashen valley of Gehenna.
 91040 | Depths:3 | Found a one-way gateway to a ziggurat.
 91325 | Depths:3 | Noticed a juggernaut
 91327 | Depths:3 | Killed a juggernaut
 92229 | Depths:3 | Found a glowing silver altar of Zin.
 92448 | Depths:4 | Entered Level 4 of the Depths
 92473 | Depths:4 | Noticed a juggernaut
 92476 | Depths:4 | Killed a juggernaut
 92561 | Depths:4 | Identified the +8 whip "Beast's Regret" {heavy, rF+ Str+3}
 92625 | Depths:4 | Reached skill level 10 in Dodging
 93102 | Depths:4 | Found a gate to the Realm of Zot.
 93897 | Depths:4 | Identified the +2 short sword of Fyjef {freeze, rElec rF+
                  | rC- Will- Str+8}
 93897 | Depths:4 | Found the +8 whip "Snakebite" {venom, curare, rPois}
 93897 | Depths:4 | Identified the +2 scale mail of the Kangaroo {*Corrode rC+
                  | Int+4}
 94097 | Zot:1    | Entered Level 1 of the Realm of Zot
 94589 | Zot:2    | Noticed Vv
 94591 | Zot:2    | Killed Vv
 94917 | Zot:1    | Reached skill level 15 in Shields
 95507 | Zot:3    | Identified the +10 scimitar of the Several Dreams {heavy,
                  | Will+ Str+3 Stlth+}
 96475 | Zot:5    | Entered Level 5 of the Realm of Zot
 96540 | Zot:5    | Reached skill level 10 in Armour
 97000 | Zot:5    | Noticed a dread lich
 97006 | Zot:5    | Killed a dread lich
 97174 | Zot:5    | Noticed an ancient lich
 97180 | Zot:5    | Killed an ancient lich
 97204 | Zot:5    | Noticed a dread lich
 97208 | Zot:5    | Killed a dread lich
 97364 | Zot:5    | Noticed a Killer Klown
 97366 | Zot:5    | a Killer Klown changed into a golden dragon
 97419 | Zot:5    | Noticed an ancient lich
 97422 | Zot:5    | Killed an ancient lich
 97422 | Zot:5    | Noticed a Killer Klown
 97426 | Zot:5    | Killed a Killer Klown
 97427 | Zot:5    | Noticed an ancient lich
 97430 | Zot:5    | Killed an ancient lich
 97431 | Zot:5    | Reached skill level 10 in Evocations
 97431 | Zot:5    | Noticed an orb of fire
 97434 | Zot:5    | Gained mutation: Your mind is very acute. (Int +8, Str/Dex
                  | -2) [an orb of fire]
 97435 | Zot:5    | Killed an orb of fire
 97530 | Zot:5    | Noticed an ancient lich
 97541 | Zot:5    | Killed an ancient lich
 97602 | Zot:5    | Noticed a dread lich
 97605 | Zot:5    | Killed a dread lich
 97646 | Zot:5    | Reached skill level 5 in Staves
 97652 | Zot:5    | Noticed an orb of fire
 97656 | Zot:5    | Noticed a Killer Klown
 97659 | Zot:5    | Gained mutation: Armour fits poorly on your strangely
                  | shaped body. [an orb of fire]
 97660 | Zot:5    | Killed a Killer Klown
 97660 | Zot:5    | Killed an orb of fire
 97735 | Zot:5    | Noticed an orb of fire
 97739 | Zot:5    | Killed an orb of fire
 98131 | Zot:5    | Noticed a Killer Klown
 98133 | Zot:5    | Killed a Killer Klown
 98285 | Zot:5    | Noticed an ancient lich
 98288 | Zot:5    | Killed an ancient lich
 98715 | Zot:5    | Got the Orb of Zot
 98928 | D:15     | Noticed Okhan the pandemonium lord
 98933 | D:15     | Killed Okhan the pandemonium lord
 99300 | D:$      | Escaped with the Orb!

Illustrated notes

Levels and vault maps discovered:
D:1:      dpeg_arrival_windows_large_door, layout_basic,
          dilly_ecumenical_altar_fadedgnrine
D:2:      layout_loops_corners, basic_altar
D:3:      minmay_razor_zed, layout_basic, serial_shops, shop
D:4:      layout_gridville, tso_oasis_becter, lemuel_blue_sif_altar,
          minmay_temple_entry_antechambers
D:5:      layout_basic, minmay_crystal_water, kennysheep_generic_room_4
D:6:      layout_gridville, serial_shops, nicolae_diamond_shop
D:7:      layout_gridville, kennysheep_little_box, nicolae_shop_fire_sale
          [nicolae_sub_dead_trees]
D:8:      layout_basic, yredelemnul_forgotten_temple_becter,
          lemuel_doored_altar, mainiacjoe_overflow_brackets, nicolae_the_louvre,
          uniq_maggie, uniq_maurice
D:9:      layout_irregular_city, lemuel_round_altar, david_lair_shrubbed,
          uniq_psyche
D:10:     layout_basic, nemelex_altar_shiori, david_orc_3,
          hangedman_abyss_or_decor_stabs, kennysheep_another_room, uniq_harold
D:11:     layout_roguey, nicolae_shop_sticking_my_neck_out, uniq_fannar,
          uniq_sonja
D:12:     dragon1_lemuel, layout_irregular_city, serial_shops, shop_statue,
          elyvilon_altar_3
D:13:     layout_roguey, serial_shops, shop, uniq_frances
D:14:     minmay_separated_statues, layout_cave_pools,
          grunt_vaults_entry_tiered, hangedman_decor_push,
          minmay_misc_feat_diagonals, vehumet_statue
D:15:     gammafunk_enter_depths_forms, layout_stronghold,
          minmay_misc_feat_pillars
Temple:   nicolae_temple_superstar
Lair:1:   layout_regular_city, nicolae_volcano_entry_lava_flow,
          serial_bayou_shore_a, uniq_erica, uniq_gastronok
Lair:2:   layout_loops_ring, elwin_shoals_entry_stream,
          spider_nest_entry_web_field
Lair:3:   gammafunk_worm_tunnel, layout_regular_city
Lair:4:   layout_regular_city, slime_entry_2, ebering_ghost_disaster_area,
          grunt_megastairs_4, lemuel_fruit_tree
Lair:5:   grunt_lair_end_beastmaster, layout_loops_ring, gauntlet_entry_generic,
          dreamdust_wasp_nest, infiniplex_staircase_pool_2
Shoals:1: layout_shoals, serial_shops, shop, st_sunken_huts, uniq_mlioglotl,
          uniq_roxanne
Shoals:2: layout_shoals, nicolae_shoals_seven_spires,
          nicolae_shoals_stone_sculpture_thing, nicolae_shoals_lost_giant_baths,
          regret_index_shoals_crete, uniq_nikola, uniq_polyphemus
Shoals:3: layout_shoals, serial_shops, bzr_entry_lakeside
Shoals:4: shoals_end_hellmonk_storm_palace [storm_palace_center_circular,
          storm_palace_corner_narrow, storm_palace_corner_blocked,
          storm_palace_corner_grid, storm_palace_corner_reverse_hut]
Spider:1: layout_spider_delve
Spider:2: nicolae_spider_broodchamber
Spider:3: nicolae_spider_hilbert_zone_2 [nicolae_spider_hilbert_4_sides_1_open,
          nicolae_spider_hilbert_4_sides_1_open,
          nicolae_spider_hilbert_4_sides_1_open,
          nicolae_spider_hilbert_4_sides_1_open,
          nicolae_spider_hilbert_6_sides_1_open,
          nicolae_spider_hilbert_6_sides_1_open,
          nicolae_spider_hilbert_3_sides_1_open,
          nicolae_spider_hilbert_3_sides_1_open,
          nicolae_spider_hilbert_3_sides_1_open,
          nicolae_spider_hilbert_3_sides_1_open,
          nicolae_spider_hilbert_6_sides_1_open,
          nicolae_spider_hilbert_6_sides_1_open,
          nicolae_spider_hilbert_6_sides_1_open,
          nicolae_spider_hilbert_6_sides_1_open]
Spider:4: spider_rune_water, gammafunk_ghost_necromancy
Slime:1:  layout_caves, cheibrodos_slime_lost_civilization_7
Slime:2:  layout_caves, nicolae_slime_barrier
Slime:3:  layout_caves, nicolae_slime_round_cave
Slime:4:  layout_caves, amcnicky_altar_lugonu_corruption
Slime:5:  slime_pit_nicolae_jellycorners, uniq_dissolution
Orc:1:    layout_caves
Orc:2:    st_orc_ogre_mass, layout_caves, serial_shops,
          nicolae_shop_tiny_waterfront, mines2_david
Elf:1:    minmay_elf_arrival_summoners, layout_geoelf_grid,
          hangedman_elf_represent, grunt_megastairs_5
Elf:2:    nicolae_elf_blades_splatter_lattice [grunt_blade_entry_basic],
          layout_rooms, gammafunk_ghost_tricky_traps, dk_noncrumbling_4,
          uniq_azrael
Elf:3:    minmay_elf_hall_four_x, layout_onion_city, serial_shops, shop,
          gammafunk_ghost_split, hex_tiny, library_closet
Vaults:1: nicolae_vaults_windows_and_doors_thing, v_misc_24,
          nicolae_vaults_tangram_2, nicolae_vaults_network_square,
          nicolae_vaults_octothorpe, vaults_standard_mumra_enter_the_diamond,
          nicolae_vaults_circle_grid_b, nicolae_vaults_apartment_2, v_pattern_4,
          nicolae_vaults_circle_grid_b, hangedman_vaults_hat,
          nicolae_vaults_trapezoid_layered, nicolae_vaults_holding_cells,
          vaults_mumra_hex, vaults_dpeg_cross, grunt_vaults_hallway_short,
          v_alt_pattern_1, layout_vaults_ring, serial_shops, shop
Vaults:2: nicolae_vaults_hallways_thing, v_misc_15,
          vaults_standard_mumra_enter_the_diamond, v_pattern_2,
          hangedman_vaults_stitches, nicolae_vaults_storage_closets_3,
          nicolae_vaults_know_your_exits, v_misc_3, grunt_vaults_funnel,
          nicolae_vaults_house_2, nicolae_vaults_circle_grid_b,
          vaults_dpeg_hooks, layout_vaults_omnibox, uniq_jory
Vaults:3: nicolae_vaults_three_branches, nicolae_vaults_closet_pinwheel_6,
          minmay_crypt_entry_skeletal_spiral, nicolae_vaults_heart-shaped_vault,
          nicolae_vaults_an_arrangement, v_misc_10, v_rooms_4,
          ontoclasm_vaults_claustrophobia, grunt_vaults_trifunnel,
          nicolae_vaults_trapezoid_lopsided_3, nicolae_vaults_tetromino_Z_1,
          vaults_dpeg_encased_lava, nicolae_vaults_house_1,
          nicolae_vaults_tetromino_L_1, layout_vaults_omnicross, serial_shops,
          nicolae_shop_pleasant_corner_grove
Vaults:4: gammafunk_ghost_fury_of_okawaru, v_alt_pattern_6,
          nicolae_vaults_cornered_office, v_misc_30, v_misc_22,
          vaults_standard_mumra_x, v_misc_27, ontoclasm_vaults_loading_screen,
          st_hourglassy, nicolae_vaults_tetromino_L_1, hangedman_vaults_slice,
          ontoclasm_vaults_ring_small, ontoclasm_vaults_fault,
          layout_vaults_maze_snakey, serial_shops, bzr_entry_water, uniq_aizul,
          uniq_donald
Vaults:5
Depths:1: layout_gridlike, grunt_pan_entry_in_and_out, nicolae_twisting_strands,
          hellmouth_1, minmay_misc_feat_rows, onia_ninara_cookie
Depths:2: minmay_blocking_statues, layout_honeycomb, hell_entry,
          nicolae_trove_entry_crystal, rand_demon_pan_entry_7,
          nicolae_xom_altar_mimics, hangedman_decor_points,
          hangedman_decor_growths, hangedman_decor_clover_reticule,
          nicolae_figureground_sparkle, serial_bayou_shore_b
Depths:3: nzn_winding_woodlands_medium [nzn_winding_woodlands_5x5_three,
          nzn_winding_woodlands_5x15_river_crossing,
          nzn_winding_woodlands_5x5_open_star,
          nzn_winding_woodlands_5x5_checkerboard,
          nzn_winding_woodlands_center_pierced_h,
          nzn_winding_woodlands_5x5_closed_star,
          nzn_winding_woodlands_5x5_perimeter,
          nzn_winding_woodlands_5x15_sidewinder,
          nzn_winding_woodlands_hourglass], layout_honeycomb, enter_ziggurat_b,
          zin_angel, hangedman_abyss_entry_splay, hell_entry,
          hangedman_abyss_or_decor_clamps
Depths:4: grunt_twist_and_shout, layout_gridlike, grunt_mini_vestibule,
          abyss_entry, minmay_misc_feat_square, lemuel_flamethrower_hall
Hell
Zot:1:    layout_cathedral_of_symmetry
Zot:2:    layout_basic, uniq_vv
Zot:3:    nicolae_zot_draconian_monastery, layout_twisted_circle
Zot:4:    layout_twisted_circle, ebering_ghost_disaster_area
Zot:5:    layout_concentric_octagons

Skill      XL: |  1  2  3  4  5  6  7  8  9 10 11 12 13 14 15 16 17 18 19 20 21 22 23 24 25 26 27 |
---------------+----------------------------------------------------------------------------------+-----
Spellcasting   | 3 4 5 6 7 8 9 11 13 14 15 16 17 18 19 20 21 22 24 | 24.5
Conjurations   | 3 4 5 6 7 8 9 11 13 14 15 16 17 18 19 20 21 22 24 | 24.5
Hexes          | 3 4 5 6 7 8 9 11 13 14 15 16 17 18 19 20 21 22 24 | 24.5
Summonings     | 3 4 5 6 7 8 9 11 13 14 15 16 17 18 19 20 21 22 24 | 24.5
Necromancy     | 3 4 5 6 7 8 9 11 13 14 15 16 17 18 19 20 21 22 24 | 24.5
Translocations | 3 4 5 6 7 8 9 11 13 14 15 16 17 18 19 20 21 22 24 | 24.5
Transmutations | 3 4 5 6 7 8 9 11 13 14 15 16 17 18 19 20 21 22 24 | 24.5
Fire Magic     | 3 4 5 6 7 8 9 11 13 14 15 16 17 18 19 20 21 22 24 | 24.5
Ice Magic      | 3 4 5 6 7 8 9 11 13 14 15 16 17 18 19 20 21 22 25 | 25.9
Air Magic      | 3 4 5 6 7 8 9 11 13 14 15 16 17 18 19 20 21 22 24 | 24.5
Earth Magic    | 3 4 5 6 7 8 9 11 13 14 15 16 17 18 19 20 21 22 25 | 25.9
Poison Magic   | 3 4 5 6 7 8 9 11 13 14 15 16 17 18 19 20 21 22 24 | 24.5
Fighting       | 1 2 3 4 5 7 9 11 12 14 15 17 18 19 20 21 22 23 | 23.0
Shields        | 5 7 10 16 | 16.2
Dodging        | 6 12 | 12.8
Shapeshifting  | 2 7 10 12 13 14 15 16 17 18 19 | 19.7
Evocations     | 3 12 | 12.0
Staves         | 2 7 |  7.3
Armour         | 5 10 | 10.0
Stealth        | |  1.5

Action                     |  1- 3 |  4- 6 |  7- 9 | 10-12 | 13-15 | 16-18 | 19-21 | 22-24 | 25-27 || total
---------------------------+-------+-------+-------+-------+-------+-------+-------+-------+-------++-------
  Melee: Short sword       |    10 |    11 |    51 |       |       |       |       |       |       ||    72
         Punch             |       |       |     1 |       |       |       |       |       |       ||     1
         Staff             |       |       |    15 |   102 |   462 |   193 |    86 |    78 |    48 ||   984
         Headbutt          |       |       |       |       |       |     7 |    44 |    14 |       ||    65
  Throw: Dart              |       |       |       |       |     1 |       |       |       |       ||     1
   Cast: Magic Dart        |    66 |    70 |       |       |       |       |       |       |       ||   136
         Slow              |     7 |    11 |    10 |    84 |    92 |    34 |       |       |       ||   238
         Mephitic Cloud    |       |     6 |    41 |    77 |    96 |    75 |    10 |     1 |       ||   306
         Shock             |       |    58 |   138 |    48 |     4 |       |       |       |       ||   248
         Poisonous Vapours |       |    15 |   105 |   122 |    75 |    41 |       |     5 |     2 ||   365
         Call Imp          |       |       |     8 |     3 |     1 |     1 |       |       |       ||    13
         Gell's Gravitas   |       |       |     6 |       |       |       |       |       |       ||     6
         Yara's Violent Un |       |       |       |    89 |   134 |    96 |     5 |     5 |     4 ||   333
         Blink             |       |       |       |     5 |     5 |    15 |     6 |     2 |     4 ||    37
         Leda's Liquefacti |       |       |       |     1 |       |       |     5 |     4 |       ||    10
         Summon Forest     |       |       |       |       |    52 |    24 |    35 |    36 |    10 ||   157
         Simulacrum        |       |       |       |       |     9 |    53 |     6 |    42 |    11 ||   121
         Orb of Destructio |       |       |       |       |       |   344 |   320 |   497 |   171 ||  1332
         Malign Gateway    |       |       |       |       |       |       |    36 |    26 |     9 ||    71
         Maxwell's Capacit |       |       |       |       |       |       |    22 |    22 |    82 ||   126
         Spellforged Servi |       |       |       |       |       |       |       |    28 |    11 ||    39
         Chain Lightning   |       |       |       |       |       |       |       |       |   381 ||   381
         Shatter           |       |       |       |       |       |       |       |       |    85 ||    85
 Invoke: Curse Item        |       |       |     4 |     4 |     2 |     2 |     2 |       |       ||    14
         Shatter the Chain |       |       |       |     2 |     1 |     2 |       |       |       ||     5
  Evoke: Wand              |       |       |       |       |       |     3 |       |       |     1 ||     4
    Use: Potion            |       |     1 |       |     1 |     1 |     6 |       |     5 |     4 ||    18
         Scroll            |       |     1 |       |     7 |       |     8 |     1 |     1 |     4 ||    22
   Stab: Confused          |       |     1 |     4 |     2 |     2 |     4 |     1 |       |       ||    14
         Distracted        |       |       |       |       |     4 |     2 |     1 |     2 |     2 ||    11
 Armour: Robe              |     4 |    18 |    15 |       |       |       |       |       |       ||    37
         Leather armour    |       |       |    78 |    36 |       |       |       |       |       ||   114
         Scale mail        |       |       |       |    95 |   317 |   315 |    91 |       |   200 ||  1018
         Skin              |       |       |       |       |       |       |   100 |   391 |   327 ||   818
  Dodge: Dodged            |     8 |    15 |    58 |    73 |   149 |   159 |   117 |   212 |   183 ||   974
         Repelled          |       |       |       |       |     1 |     4 |     7 |    14 |    21 ||    47
  Block: Other             |       |       |    11 |     1 |       |       |       |       |       ||    12
         Reflection        |       |       |     2 |     5 |    60 |    62 |    55 |    59 |    47 ||   290
         Kite shield       |       |       |       |   165 |   654 |   500 |   347 |   547 |   327 ||  2540
         Form:             |       |       |       |       |       |     3 |       |     1 |     2 ||     6
         Statue            |       |       |       |       |       |     2 |     1 |     1 |     1 ||     5
         Storm             |       |       |       |       |       |     1 |       |       |       ||     1

Table legend: (Time is in decaauts)
 A = Elapsed time spent in this place.
 B = Non-inter-level travel time spent in this place.
 C = Inter-level travel time spent in this place.
 D = Time resting spent in this place.
 E = Time spent auto-exploring this place.
 F = Levels seen in this place.
 G = Mean time per level.
                   A        B        C        D        E       F      G
               +--------+--------+--------+--------+--------+-----+--------+
         Total | 117364 | 107050 |  10314 |  31176 |  54136 |  58 | 2023.5 |
       Dungeon |  25224 |  22044 |   3180 |   3385 |  14516 |  15 | 1681.6 |
        Temple |     80 |      6 |     74 |      0 |      0 |   1 |   80.0 |
          Lair |  10589 |   9127 |   1462 |   1555 |   5876 |   5 | 2117.8 |
        Shoals |  12831 |  11844 |    987 |   6012 |   3644 |   4 | 3207.8 |
   Spider Nest |   8720 |   8157 |    563 |   1662 |   4683 |   4 | 2180.0 |
    Slime Pits |   6812 |   5840 |    972 |      0 |   4446 |   5 | 1362.4 |
  Orcish Mines |   3424 |   3117 |    307 |    609 |   1932 |   2 | 1712.0 |
   Elven Halls |   7477 |   7168 |    309 |   1525 |   3545 |   3 | 2492.3 |
        Vaults |  21487 |  20214 |   1273 |  10122 |   6173 |   5 | 4297.4 |
        Depths |  12427 |  11822 |    605 |   3705 |   6497 |   4 | 3106.8 |
          Hell |    764 |    755 |      9 |      0 |    611 |   1 |  764.0 |
           Zot |   6797 |   6230 |    567 |   2442 |   2006 |   5 | 1359.4 |
        Bazaar |    457 |    457 |      0 |    156 |    201 |   2 |  228.5 |
         Trove |    117 |    117 |      0 |      0 |      0 |   1 |  117.0 |
      Gauntlet |    152 |    152 |      0 |      0 |      0 |   1 |  152.0 |
               +--------+--------+--------+--------+--------+-----+--------+

Top non-repeatable levels by time:
Vaults:4: 5440 daAuts
Vaults:1: 5281 daAuts
Vaults:3: 4732 daAuts
Shoals:4: 4511 daAuts
Shoals:2: 4019 daAuts
Depths:1: 3864 daAuts
  Lair:4: 3705 daAuts
   Elf:3: 3589 daAuts
   Zot:5: 3468 daAuts
Vaults:5: 3391 daAuts
Depths:2: 2971 daAuts
Shoals:1: 2890 daAuts
Depths:3: 2801 daAuts
Depths:4: 2790 daAuts
Spider:3: 2718 daAuts
